 Dungeon Crawl Stone Soup version 0.31.0-11-ge490571c62 (webtiles) character file.

Game seed: 11993251187478512019

445 Strat the Trooper (level 7, -1/60 HPs)
             Began as a Merfolk Artificer on Feb 3, 2024.
             Slain by an orc
             ... wielding a +0 dagger
              (4 damage)
             ... on level 4 of the Dungeon.
             The game lasted 00:09:59 (5056 turns).

Strat the Trooper (Merfolk Artificer)               Turns: 5056, Time: 00:09:59

Health: -1/60      AC:  3    Str: 12    XL:     7   Next: 3%
Magic:  7/7        EV:  9    Int: 10    God:
Gold:   225        SH:  0    Dex: 17    Spells: 6/6 levels left

rFire   . . .        a - +0 rapier
rCold   . . .        (no shield)
rNeg    . . .        b - +0 leather armour
rPois   .            (no helmet)
rElec   .            (no cloak)
rCorr   .            (no gloves)
SInv    .            (no boots)
Will    .....        (no amulet)
Stlth   ++           (no ring)
HPRegen 0.30/turn    (no ring)
MPRegen 0.10/turn

%: no passive effects
@: constricted
A: (nimble swimmer 2), mertail
a: no special abilities


You were on level 4 of the Dungeon.
You visited 1 branch of the dungeon, and saw 5 of its levels.

You collected 225 gold pieces.

Inventory:

Hand Weapons
 a - a +0 rapier (weapon)
 g - a +0 short sword
 s - a +0 club
Missiles
 i - 4 boomerangs
 l - 3 atropa-tipped darts
 t - a curare-tipped dart (quivered)
Armour
 b - a +0 leather armour (worn)
Wands
 c - a wand of flame (31)
 d - a wand of charming (13)
 e - a wand of iceblast (2)
 u - a wand of polymorph (1)
Scrolls
 k - 2 scrolls of summoning {unknown}
 p - 5 scrolls of noise
 q - a scroll of fear {unknown}
 r - a scroll of immolation
 v - a scroll of amnesia {unknown}
 w - a scroll of teleportation {unknown}
 x - a scroll of torment {unknown}
Potions
 f - 2 potions of brilliance
 h - a potion of berserk rage
 j - a potion of enlightenment {unknown}
 m - a potion of curing
 n - a potion of cancellation {unknown}
 o - a potion of haste {unknown}


   Skills:
 + Level 7.6 Fighting
 - Level 0.6 Armour
 + Level 3.1 Dodging
 - Level 1.1 Stealth
 - Level 3.0 Evocations


You had 6 spell levels left.
You didn't know any spells.
Your spell library contained the following spells:

 Spells                   Type           Power      Damage    Failure   Level
 Sting                    Conj/Alch      0%         1d3       43%         1
 Mercury Vapours          Alch/Air       0%         N/A       58%         2
 Olgreb's Toxic Radiance  Alch           0%         N/A       99%         4


Dungeon Overview and Level Annotations

Branches:
Dungeon (5/15)
 Temple: D:4-7

Altars:
Elyvilon
Kikubaaqudgha
Makhleb

Shops:
D:1 *   D:3 (   D:4 =

Annotations:
D:4 Natasha


Innate Abilities, Weirdness & Mutations

((You are very nimble when in or above water. (Stealth+, EV+, Speed+++)))
Your lower body shifts to a powerful aquatic tail in water.


Message History

It was a scroll of noise.
You hear an angry hiss. x3
The orc hits you but does no damage.
As you read the scroll labelled TOZIVV BEGHIM, it crumbles to dust.
The creatures around you are filled with an inner flame!
It was a scroll of immolation.
The orc hits you with a +0 dagger.
* * * LOW HITPOINT WARNING * * *
The ogre attacks as it pursues you!
The ogre hits you with a +0 giant spiked club!!
* * * LOW HITPOINT WARNING * * *
A ball python comes into view.
The ball python closely misses you. x2
The ball python closely misses you. The ball python grabs you.
The ball python constricts you.
* * * LOW HITPOINT WARNING * * *
The ball python's grasp on you weakens, but your attempt to escape fails.
The ball python bites you.
* * * LOW HITPOINT WARNING * * *
The ball python constricts you. The orc completely misses you.
You escape the ball python's grasp.
The ball python bites you but does no damage.
The ball python grabs you. The ball python constricts you.
* * * LOW HITPOINT WARNING * * *
You escape the ball python's grasp.
The ball python attacks as it pursues you!
The ball python bites you but does no damage.
The ball python grabs you. The ball python constricts you.
* * * LOW HITPOINT WARNING * * *
The ball python's grasp on you weakens, but your attempt to escape fails.
The ball python bites you.
* * * LOW HITPOINT WARNING * * *
The ball python constricts you. The orc barely misses you.
You escape the ball python's grasp.
The ball python attacks as it pursues you!
The ball python barely misses you. x2
The ball python attacks as it pursues you!
The ball python bites you but does no damage.
The ball python grabs you. The ball python constricts you.
The orc attacks as it pursues you! The orc hits you with a +0 dagger.
You die...

#....## #.. #.###.## #.###
###.# ##.###.# #####...#
##.#.# ........# ##..#
#####..O# ##.# ##..#
###.### #oS# #.....#
######.@#####.....###
......................
PP.._..PPPP.....P...##
...................##
##### #######.#######.####
.>..## ##.## #.# #.#
.)...#####.#.###.# #.#
.......)..###.##.#######.#
.....#####.#............


You could see an ogre (inner flame), an orc (inner flame) and a ball python.

Vanquished Creatures
  A centaur (D:5)
  A kobold brigand (D:3)
  A scorpion (D:5)
  A hound (D:4)
  An iguana (D:5)
  8 adders
  A dart slug (D:2)
  4 ribbon worms
  5 orcs (D:4)
  5 bats
  6 endoplasms
  3 giant cockroaches
  9 goblins
  9 hobgoblins
  12 jackals
  8 kobolds
  4 quokkas
  7 ball pythons
  2 frilled lizards
  7 rats
95 creatures vanquished.

Vanquished Creatures (others)
  An adder (D:4)
1 creature vanquished.

Grand Total: 96 creatures vanquished

Notes
Turn   | Place    | Note
-------+----------+-------------------------------------------
     0 | D:1      | Strat the Merfolk Artificer began the quest for the Orb.
     0 | D:1      | Reached XP level 1. HP: 15/15 MP: 1/1
   118 | D:1      | Reached skill level 2 in Fighting
   155 | D:1      | Reached XP level 2. HP: 21/22 MP: 2/2
   207 | D:1      | Found Kuqesmaz's Assorted Antiques.
   442 | D:1      | Reached skill level 3 in Fighting
   533 | D:1      | Reached XP level 3. HP: 29/29 MP: 3/3
  1759 | D:2      | Reached skill level 4 in Fighting
  1759 | D:2      | Reached XP level 4. HP: 37/37 MP: 4/4
  1770 | D:2      | Found the +7 sceptre of Torment {pain, torment}
  2270 | D:3      | Found Hosalar's Antique Weapon Shop.
  2665 | D:3      | Reached skill level 5 in Fighting
  2817 | D:3      | Reached XP level 5. HP: 38/44 MP: 5/5
  3003 | D:3      | Noticed a kobold brigand
  3209 | D:4      | Noticed an ogre
  3368 | D:3      | Found a burning altar of Makhleb.
  3380 | D:3      | Killed a kobold brigand
  3381 | D:3      | Reached skill level 6 in Fighting
  3381 | D:3      | Reached XP level 6. HP: 53/53 MP: 6/6
  4027 | D:4      | Noticed Natasha
  4036 | D:5      | Entered Level 5 of the Dungeon
  4112 | D:5      | Found an ancient bone altar of Kikubaaqudgha.
  4402 | D:5      | Reached skill level 7 in Fighting
  4583 | D:4      | Found Huum's One-of-a-Kind Rings.
  4877 | D:4      | Found a white marble altar of Elyvilon.
  4959 | D:4      | Reached XP level 7. HP: 33/60 MP: 7/7
  5053 | D:4      | HP: 2/60 [ball python (3)]
  5056 | D:4      | Slain by an orc

Illustrated notes

Levels and vault maps discovered:
D:1:      dpeg_arrival_subterranean_lakeside_camping, layout_rooms,
          serial_co_window_serial, co_window_of_opportunity_a,
          co_window_paths_a, co_window_of_opportunity_a, co_window_paths_a,
          co_window_paths_a, co_window_corner_b, co_window_broadway_c,
          co_window_2corner, co_window_corner_b, co_window_broadway_a,
          co_window_paths_c, co_window_paths_d, co_window_paths_e,
          glass_columns_b, glass_columns_a, glass_columns_a, glass_columns_c,
          serial_shops, shop, minmay_distorted
D:2:      layout_loops_cross, serial_forest, infiniplex_forest_clump_cross,
          infiniplex_forest_straight_4, infiniplex_forest_clump_curved,
          infiniplex_forest_straight_3, infiniplex_forest_clump_cross,
          infiniplex_forest_straight_3, infiniplex_forest_lined_3,
          infiniplex_forest_lined_room_, infiniplex_forest_clump_long
D:3:      layout_basic, lightli_temple_of_fire, serial_shops,
          nicolae_shop_waterfront, chequers_arboretum, minivault_27
D:4:      layout_loops_ring, mainiacjoe_overflow_boulevard,
          general_overflow_altar, nicolae_shop_unique_rings,
          guppyfry_early_lair_pool, uniq_natasha
D:5:      layout_loops_cross, mainiacjoe_overflow_24_doors, bh_walls_and_bars

Skill      XL: |  1  2  3  4  5  6 |
---------------+-------------------+-----
Fighting       | 2 3 4 5 6 7 |  7.6
Dodging        | 3 |  3.1
Armour         | |  0.6
Stealth        | |  1.1
Evocations     | |  3.0

Action                     |  1- 3 |  4- 6 |  7- 9 || total
---------------------------+-------+-------+-------++-------
  Melee: Club              |    22 |       |       ||    22
         Short sword       |   190 |   241 |       ||   431
         Punch             |     1 |     3 |     1 ||     5
         Rapier            |       |   104 |    25 ||   129
  Evoke: Wand              |    10 |    14 |     4 ||    28
    Use: Scroll            |       |     5 |     2 ||     7
         Potion            |       |     2 |       ||     2
   Stab: Sleeping          |     2 |     4 |       ||     6
 Armour: Leather armour    |   108 |   222 |    26 ||   356
  Dodge: Dodged            |   141 |   223 |    28 ||   392
